 Dungeon Crawl Stone Soup version 0.26-a0-639-g72c4674329 (webtiles) character file.

Game seed: 3675064499330472985

35 Flugslaktarn the Skirmisher (level 3, -8/33 HPs)
             Began as a Minotaur Fighter on Sept 21, 2020.
             Killed by nerve-wracking pain
             ... invoked by an orc priest
              (12 damage)
             ... on level 4 of the Dungeon.
             The game lasted 00:00:20 (511 turns).

Flugslaktarn the Skirmisher (Minotaur Fighter)       Turns: 511, Time: 00:00:21

Health: -8/33      AC:  7    Str: 21    XL:     3   Next: 16%
Magic:  2/2        EV:  7    Int:  5    God:
Gold:   105        SH:  9    Dex:  9    Spells: 2/2 levels left

rFire    . . .     SeeInvis .   a - +0 war axe
rCold    . . .     Faith    .   c - +0 kite shield
rNeg     . . .     Spirit   .   b - +0 scale mail
rPois    .         Reflect  .   (helmet restricted)
rElec    .         Harm     .   (no cloak)
rCorr    +         Rampage  .   (no gloves)
MR       .....                  (no boots)
Stlth    ..........             (no amulet)
HPRegen  0.11/turn              k - ring of resist corrosion
MPRegen  0.08/turn              (no ring)

@: no status effects
A: retaliatory headbutt, horns 2
a: no special abilities


You were on level 4 of the Dungeon.
You visited 1 branch of the dungeon, and saw 4 of its levels.

You collected 105 gold pieces.

Inventory:

Hand Weapons
 a - a +0 war axe (weapon)
Armour
 b - a +0 scale mail (worn)
 c - a +0 kite shield (worn)
Jewellery
 k - a ring of resist corrosion (left hand)
   (You found it on level 3 of the Dungeon)
Scrolls
 e - 3 scrolls of remove curse {unknown}
 f - a scroll of enchant armour {unknown}
Potions
 d - a potion of might
 g - 2 potions of curing {unknown}
 h - 2 potions of lignification {unknown}


   Skills:
 + Level 4.1 Fighting
 + Level 3.1 Axes
 + Level 4.0 Armour
 + Level 4.0 Shields


You had 2 spell levels left.
You didn't know any spells.
Your spell library was empty.

Dungeon Overview and Level Annotations

Branches:
Dungeon (4/15)
 Temple: D:4-7

Altars:


Innate Abilities, Weirdness & Mutations

You reflexively headbutt those who attack you in melee.
You have a pair of horns on your head.


Message History

The orc wizard hits you but does no damage.
The orc barely misses you.
You hit the orc wizard. Your headbutt misses the orc wizard.
The orc wizard is moderately wounded.
You closely miss the orc.
The orc wizard hits you but does no damage.
You block the orc's attack. You block the orc wizard's attack.
You closely miss the orc wizard.
The orc wizard is moderately wounded.
You slash the orc!
You kill the orc!
You slash the orc priest!
The orc priest invokes the aid of Beogh against you.
Beogh smites you!
* * * LOW HITPOINT WARNING * * *
The orc wizard hits you with a +0 long sword.
* * * LOW HITPOINT WARNING * * *
The orc priest invokes the aid of Beogh against you.
Pain shoots through your body!
You die...

.....$### .......#
.......+ .)....+
####.....+
###........#
......oo...#
......)@...#
.........##.##
..........#..##
..........#...##
....(.....#....##
................##
............#....##
...........>+.....#
..........###.....#


You could see an orc priest and an orc wizard.

Vanquished Creatures
  An adder (D:3)
  6 orcs
  2 bats
  2 giant cockroaches
  2 goblins
  A hobgoblin (D:2)
  A kobold (D:1)
  A jackal skeleton (D:4)
  A rat (D:1)
17 creatures vanquished.

Notes
Turn   | Place    | Note
-------+----------+-------------------------------------------
     0 | D:1      | Flugslaktarn the Minotaur Fighter began the quest for the
                  | Orb.
     0 | D:1      | Reached XP level 1. HP: 19/19 MP: 0/0
   207 | D:3      | Reached XP level 2. HP: 24/27 MP: 1/1
   392 | D:3      | Reached XP level 3. HP: 33/33 MP: 2/2
   511 | D:4      | Killed from afar by an orc priest

Illustrated notes

Levels and vault maps discovered:
D:1:      eino_arrival_druids_welcome, layout_basic
D:2:      layout_loops_cross, nicolae_overflow_crystal_walls,
          lemuel_doored_altar, lemuel_crystal_altar
D:3:      layout_loops_ring, old_standard_altar, uniq_ijyb
D:4:      layout_basic, serial_shops, shop, kennysheep_cluttered_room,
          uniq_blork_the_orc

Skill      XL: |  1  2 |
---------------+-------+-----
Fighting       | 4 |  4.1
Axes           | 3 |  3.1
Armour         | 4 |  4.0
Shields        | 4 |  4.0

Action                   || total
-------------------------++-------
Melee: War axe           ||    45
       Headbutt          ||     5
Armor: Scale mail        ||    16
Dodge: Dodged            ||    13
Block: Kite shield       ||    25

Table legend: (Time is in decaauts)
 A = Elapsed time spent in this place.
 B = Non-inter-level travel time spent in this place.
 C = Inter-level travel time spent in this place.
 D = Time resting spent in this place.
 E = Time spent auto-exploring this place.
 F = Levels seen in this place.
 G = Mean time per level.
                   A        B        C        D        E       F      G
               +--------+--------+--------+--------+--------+-----+--------+
         Total |    528 |    482 |     46 |      0 |    362 |   4 |  132.0 |
       Dungeon |    528 |    482 |     46 |      0 |    362 |   4 |  132.0 |
               +--------+--------+--------+--------+--------+-----+--------+

Top non-repeatable levels by time:
     D:3: 286 daAuts
     D:2: 130 daAuts
     D:1: 81 daAuts
     D:4: 30 daAuts
